 Dungeon Crawl Stone Soup version 0.27.1-4-g1640c2035a (webtiles) character file.

Game seed: 11423615651003170507

235942 Gunterle the Severer (level 18, -14/157 HPs)
             Began as a Palentonga Berserker on Nov 9, 2021.
             Was an Elder of Trog.
             Demolished by a spriggan berserker (29 damage)
             ... on level 2 of the Swamp on Nov 11, 2021.
             The game lasted 03:10:08 (36056 turns).

Gunterle the Severer (Palentonga Berserker)        Turns: 36056, Time: 03:10:08

Health: -14/157    AC: 31    Str: 22    XL:     18   Next: 92%
Magic:  18/18      EV: 12    Int:  9    God:    Trog [****..]
Gold:   3088       SH:  5    Dex: 16    Spells: 17/17 levels left

rFire    + + +     SeeInvis +   a - +9 battleaxe of Cub Cys {vamp, rC++ Dex+4 Stlth+}
rCold    + + +     Faith    .   (shield currently unavailable)
rNeg     + . .     Spirit   .   A - +5 scale mail of the Slightly Bent {rElec rF+ Regen+ Str-3}
rPois    +         Reflect  +   P - +2 helmet "Racuutwe" {Will+ Regen+ Dex-5}
rElec    +         Harm     .   w - +2 ratskin cloak {*Rats rPois rN+ Str-1 Int-1 Dex+1}
rCorr    +         Rampage  .   M - +2 pair of gloves of the Tuna {rF+ rC+}
Will     +++++                  k - +0 barding {rF+}
Stlth    +.........             Z - amulet of Owuacic {Reflect Will+ Int-4 Dex+4 SH+5}
HPRegen  3.36/turn              U - ring of flight
MPRegen  0.16/turn              B - ring "Doazen" {rCorr Int+6}

@: strong-willed, corroded, flying, regenerating, studying Polearms, curled up
A: large, rugged brown scales 3, see invisible, deformed body, roll 1, armoured
tail, reflexive curl
}: 1/15 runes: gossamer
a: Rolling Charge, Renounce Religion, Berserk, Trog's Hand, Brothers in Arms


You were on level 2 of the Swamp.
You worshipped Trog.
Trog was greatly pleased with you.
You visited 7 branches of the dungeon, and saw 33 of its levels.
You also visited: Bailey, Gauntlet, Ice Cave and Volcano.

You collected 4762 gold pieces.
You spent 1674 gold pieces at shops.

Inventory:

Hand Weapons
 a - the +9 battleaxe of Cub Cys (weapon) {vamp, rC++ Dex+4 Stlth+}
   (You bought it in a shop on level 2 of the Orcish Mines)

   It occasionally heals its wielder for a portion of the damage dealt when it
   wounds a living foe.
   Dex:       It affects your dexterity (+4).
   rC:        It greatly protects you from cold.
   Stlth:     It makes you more stealthy.
 c - a +1 battleaxe of flaming
 d - a +3 antimagic battleaxe
 u - a +4 executioner's axe of draining
 G - the +11 hand crossbow of Keer Qur {venom, rC+}
   (You found it on level 3 of the Elven Halls)

   Any ammunition fired from it poisons the flesh of those it strikes.
   rC:        It protects you from cold.
Missiles
 b - a curare-tipped dart (quivered)
 l - 326 bolts
Armour
 k - a +0 barding of fire resistance (worn)
 w - the +2 ratskin cloak (worn) {*Rats rPois rN+ Str-1 Int-1 Dex+1}
   (You found it on level 14 of the Dungeon)

   When the wearer is hurt, rats may emerge from it to assist them.
   Str:       It affects your strength (-1).
   Int:       It affects your intelligence (-1).
   Dex:       It affects your dexterity (+1).
   rPois:     It protects you from poison.
   rN:        It protects you from negative energy.
 A - the +5 scale mail of the Slightly Bent (worn) {rElec rF+ Regen+ Str-3}
   (You found it on level 6 of the Lair of Beasts)

   Str:       It affects your strength (-3).
   rF:        It protects you from fire.
   rElec:     It insulates you from electricity.
   Regen:     It increases your rate of health regeneration.
 M - the +2 pair of gloves of the Tuna (worn) {rF+ rC+}
   (You found it on level 3 of the Lair of Beasts)

   rF:        It protects you from fire.
   rC:        It protects you from cold.
 P - the +2 helmet "Racuutwe" (worn) {Will+ Regen+ Dex-5}
   (You found it in a Gauntlet)

   Dex:       It affects your dexterity (-5).
   Regen:     It increases your rate of health regeneration.
   Will:      It increases your willpower.
Jewellery
 B - the ring "Doazen" (right hand) {rCorr Int+6}
   (You found it on level 6 of the Lair of Beasts)

   [ring of intelligence]

   Int:       It affects your intelligence (+6).
   rCorr:     It protects you from acid and corrosion.
 J - a +4 ring of evasion
 U - a ring of flight (left hand)
 Z - the amulet of Owuacic (around neck) {Reflect Will+ Int-4 Dex+4 SH+5}
   (You bought it in a shop on level 2 of the Orcish Mines)

   [amulet of reflection]

   It reflects blocked missile attacks.
   Int:       It affects your intelligence (-4).
   Dex:       It affects your dexterity (+4).
   SH:        It affects your SH (+5).
   Will:      It increases your willpower.
Wands
 m - a wand of polymorph (22)
 v - a wand of charming (15)
 x - a wand of acid (17)
 D - a wand of mindburst (15)
 L - a wand of flame (80)
 T - a wand of iceblast (58)
 W - a wand of digging (32)
 Y - a wand of paralysis (12)
Scrolls
 e - 2 scrolls of fear
 o - 6 scrolls of magic mapping
 q - a scroll of immolation
 r - 10 scrolls of teleportation
 t - 13 scrolls of identify
 z - 3 scrolls of silence
 E - 6 scrolls of vulnerability
 O - a scroll of fog
 Q - a scroll of summoning
Potions
 g - 7 potions of lignification
 h - 7 potions of haste
 j - 12 potions of curing
 n - 2 potions of ambrosia
 s - 5 potions of cancellation
 y - 2 potions of flight
 F - 4 potions of heal wounds
 I - 3 potions of resistance
 N - 2 potions of invisibility
 S - 5 potions of magic
 V - 2 potions of mutation
 X - 9 potions of might
Miscellaneous
 f - a piece from Xom's chessboard (15/15)
 i - a box of beasts
 p - a lightning rod (4/4)
 K - a phial of floods
 R - a phantom mirror


   Skills:
 + Level 14.5 Fighting
 * Level 19.1 Axes
 + Level 6.8 Crossbows
 - Level 13.9 Armour
 + Level 12.1 Dodging
 + Level 14.6 Evocations


You had 17 spell levels left.
You didn't know any spells.
Your spell library was empty.

Dungeon Overview and Level Annotations

Branches:
Dungeon (15/15)            Temple (0/1) D:7            Lair (6/6) D:10
  Swamp (2/4) Lair:4       Spider (4/4) Lair:3        Slime (0/5) Lair:5
    Orc (2/2) D:12            Elf (3/3) Orc:2        Vaults (0/5) D:14
 Depths (1/5) D:15         Bailey (visited)           IceCv (visited)
Volcano (visited)         Gauntlet (visited)

Altars:
Cheibriados
Gozag
Okawaru
Sif Muna
Beogh
Jiyva

Shops:
D:4 [   D:6 *   D:7 :   Orc:2 (*!=   Elf:1 (

Annotations:
D:10 1 runed translucent door, makewrite's ghost, novice MiHu
Orc:2 2 transporters, Sopaderocas's ghost, journeyman KoEn


Innate Abilities, Weirdness & Mutations

You are completely covered in rugged brown scales. (AC +3, +7% HP)
You have supernaturally acute eyesight. (SInv)
Armour fits poorly on your strangely shaped body.
You can roll at nearby foes to attack.
You have a long armoured tail.
You curl defensively after being hit.


Message History

A vampire mosquito comes into view.
The spriggan berserker hits you with a +0 war axe!!
* * * LOW HITPOINT WARNING * * *
The spriggan berserker hits your hell rat with a +0 war axe.
The spriggan berserker hits your two-headed ogre with a +0 war axe!!
You block the goliath frog's attack.
The goliath frog hits you but does no damage.
You block the spriggan berserker's attack.
The spriggan berserker hits your two-headed ogre with a +0 war axe!!
The spriggan berserker hits your black bear with a +0 war axe.
The spriggan berserker misses your hell rat.
The goliath frog misses you.
You feel much better.
Your hell rat closely misses the spriggan berserker.
The spriggan berserker utters an invocation to Trog.
The spriggan berserker hits you with a +0 war axe!!
* * * LOW HITPOINT WARNING * * *
The spriggan berserker hits your hell rat with a +0 war axe!!
Your hell rat dies!
The spriggan berserker barely misses your black bear.
The spriggan berserker completely misses your two-headed ogre.
Your two-headed ogre hits the goliath frog with a +0 giant club!!
Your two-headed ogre hits the goliath frog with a +0 giant spiked club!!
The goliath frog dies!
Trog accepts your kill.
Your black bear misses the spriggan berserker.
Your black bear barely misses the spriggan berserker. x2
The goliath frog hits you from afar.
* * * LOW HITPOINT WARNING * * *
You are splashed with acid.
You resist.
* * * LOW HITPOINT WARNING * * *
As you read the scroll of fear, it crumbles to dust.
You assume a fearsome visage.
The alligator looks frightened!
The goliath frog resists with some effort.
The spriggan berserker is unaffected.
The spriggan berserker resists with almost no effort.
The spriggan rider resists with almost no effort.
The vampire mosquito is unaffected. x2
The spriggan berserker hits you with a +0 war axe!!
You die...

♣....≈≈≈♣♣.....♣♣♣.
♣......♣♣.§≈≈.≈♣♣..
♣♣....♣♣♣.≈≈≈≈†....≈
♣≈.[≈♣♣♣.≈≈≈≈≈≈.≈≈≈≈
♣♣≈yy.§.♣≈i≈≈≈≈≈≈.♣≈≈
♣yii.F..§w≈≈≈§≈≈..♣♣♣
♣♣tF.Fw♣♣♣≈.......≈..
♣.Oi♣♣♣♣ ♣♣♣♣♣...≈≈≈.
♣≈h≈@≈♣ ♣♣......
♣≈≈≈..♣ ♣♣♣♣♣♣≈
♣.≈≈.♣♣ ♣ ♣♣...♣
♣♣♣≈≈ ♣♣♣≈ . §


You could see an alligator (swift, fleeing), a spriggan rider, 2 spriggan
berserkers, a goliath frog, 2 vampire mosquitoes, a friendly two-headed ogre
(summoned, berserk) and a friendly black bear (summoned, berserk).

Vanquished Creatures
  Arachne (Spider:4)
  2 deep elf master archers (Elf:3)
  A deep elf blademaster (Elf:2)
  Asterion (Elf:3)
  A thorn hunter (Swamp:1)
  A frost giant (D:15)
  4 ghost moths
  3 deep elf sorcerers
  4 emperor scorpions
  3 deep elf elementalists
  4 spark wasps
  2 bunyips
  3 deep elf annihilators (Elf:3)
  6 deep elf demonologists
  2 entropy weavers
  2 deep elf death magi
  An eleionoma (Swamp:1)
  A fire dragon (Lair:6)
  Josephine (D:15)
  A green death (Gauntlet)
  2 deep elf high priests (Elf:3)
  A rakshasa (D:14)
  2 ice dragons
  4 boulder beetles
  3 vault guards (D:14)
  15 hydras
  6 centaur warriors
  2 death knights
  5 alligators
  23 dancing weapons
  3 two-headed ogres
  A thrashing horror (Gauntlet)
  2 orc high priests
  4 tengu warriors
  A hell hog (Volcano)
  13 deep elf knights
  A fire crab (Volcano)
  A slime creature (D:13)
  4 goliath frogs (Swamp:1)
  A skeletal warrior (D:10)
  A spriggan druid (Swamp:1)
  3 swamp dragons
  A deep troll (shapeshifter) (D:13)
  An orc knight (Bailey)
  A wizard (D:14)
  4 bog bodies
  6 deep elf archers
  A phantasmal warrior (D:12)
  A lindwurm (Lair:6)
  2 necromancers (D:14)
  20 deep elf pyromancers
  6 manticores
  17 orb spiders
  26 deep elf zephyrmancers
  13 wolf spiders
  8 ugly things
  6 cyclopes
  2 will-o-the-wisps (Swamp:1)
  2 moths of wrath (Spider:3)
  3 orc sorcerers (Orc:2)
  A moth of wrath (shapeshifter) (D:15)
  Joseph (D:8)
  2 ice statues (IceCv)
  2 black mambas
  16 elephants
  7 torpor snails
  A gargoyle (D:14)
  Psyche (D:8)
  12 cane toads
  6 yaktaurs
  3 kobold demonologists
  An efreet (D:14)
  9 komodo dragons
  2 unseen horrors
  14 demonic crawlers
  5 rime drakes
  4 freezing wraiths
  3 trolls
  30 jumping spiders
  31 hornets
  4 polar bears
  A meliai (D:15)
  7 tyrant leeches
  A wind drake (shapeshifter) (D:10)
  4 dream sheep
  A raiju (shapeshifter) (D:15)
  6 blink frogs
  75 redbacks
  22 tarantellas
  A centaur simulacrum (D:13)
  An air elemental (Elf:2)
  A spriggan (Swamp:1)
  A shadow (D:10)
  12 wraiths
  4 vampires
  2 wyverns
  2 water elementals
  42 yaks
  18 humans (D:14)
  11 fire bats (Volcano)
  A golden eye (shapeshifter) (D:10)
  A basilisk (Lair:6)
  5 fire elementals
  5 steam dragons
  12 vampire mosquitoes
  6 swamp worms
  2 wargs
  3 acid dragons
  13 water moccasins
  2 hell hounds (Volcano)
  3 swamp drakes
  A sky beast (D:7)
  An ice beast (D:7)
  19 orc warriors
  A necrophage (D:7)
  9 wolves
  4 boggarts (Lair:6)
  9 ogres
  6 centaurs
  A phantom (D:5)
  3 kobold brigands
  10 bullfrogs
  A wyvern zombie (D:8)
  3 gnoll sergeants
  9 scorpions
  3 earth elementals
  A wyvern skeleton (D:6)
  2 water moccasin skeletons (D:5)
  2 lindwurm simulacra (IceCv)
  15 killer bees
  3 wights (D:9)
  3 electric eels
  2 howler monkeys
  4 komodo dragon simulacra (IceCv)
  A bullfrog zombie (D:6)
  6 centaur zombies
  6 lava snakes (Volcano)
  A small abomination (Gauntlet)
  28 orc priests
  4 centaur skeletons
  2 jellies
  Jessica (D:2)
  Terence (D:2)
  8 iguanas
  31 orc wizards
  A hound zombie (D:5)
  A hound skeleton (D:5)
  21 gnolls
  10 acid dragon simulacra (IceCv)
  9 adders
  2 shadow imps
  5 steam dragon simulacra (IceCv)
  An adder skeleton (D:4)
  A worm (D:2)
  5 dart slugs
  80 orcs
  5 bats
  7 endoplasms
  4 giant cockroaches
  4 goblins
  17 hobgoblins
  5 jackals
  2 quokkas
  4 ball pythons
  5 frilled lizards
  35 kobolds
  7 rats
1114 creatures vanquished.

Vanquished Creatures (collateral kills)
  Rupert (Lair:4)
  A deep elf sorcerer (Elf:3)
  A ghost moth (Spider:4)
  An emperor scorpion (Spider:4)
  A deep elf elementalist (Elf:3)
  A deep elf demonologist (Elf:3)
  A minotaur (Gauntlet)
  A deep elf death mage (Elf:3)
  A catoblepas (Lair:4)
  An ogre mage (D:15)
  A two-headed ogre (D:15)
  A thrashing horror (Gauntlet)
  2 dancing weapons (Elf:2)
  Sonja (D:13)
  2 deep elf knights
  A skeletal warrior (D:12)
  A goliath frog (Swamp:2)
  4 deep elf pyromancers (Elf:3)
  An ugly thing (D:15)
  An orc sorcerer (Orc:2)
  A deep elf zephyrmancer (Elf:2)
  2 wolf spiders (Spider:4)
  A torpor snail (Spider:4)
  An orange demon (Gauntlet)
  2 freezing wraiths (D:12)
  2 yaktaurs (D:15)
  2 meliai (D:15)
  A tyrant leech (Lair:6)
  6 hornets
  5 jumping spiders
  6 redbacks
  3 tarantellas (Spider:4)
  3 small abominations (Gauntlet)
  2 ogres (D:15)
  2 orc wizards (Orc:2)
  3 goblins (D:13)
67 creatures vanquished.

Vanquished Creatures (others)
  2 deep elf knights (Elf:2)
  A deep elf pyromancer (D:13)
  2 bloated husks
  2 swamp worms
  2 gnolls (D:5)
  26 demonic plants (Gauntlet)
  10 foxfires (Swamp:1)
  22 fungi
  111 plants
178 creatures vanquished.

Grand Total: 1359 creatures vanquished

Notes
Turn   | Place    | Note
-------+----------+-------------------------------------------
     0 | D:1      | Gunterle the Palentonga Berserker began the quest for the
                  | Orb.
     0 | D:1      | Reached XP level 1. HP: 19/19 MP: 1/1
   167 | D:1      | Reached XP level 2. HP: 19/25 MP: 2/2
   731 | D:1      | Reached ** piety under Trog
   739 | D:1      | Reached XP level 3. HP: 31/31 MP: 3/3
   894 | D:1      | You fall into a shaft and drop 1 floor!
   903 | D:2      | Noticed Jessica
   918 | D:2      | Killed Jessica
  1404 | D:2      | Reached XP level 4. HP: 36/37 MP: 4/4
  1571 | D:2      | Reached skill level 4 in Axes
  1775 | D:2      | Found a faded altar of an unknown god.
  1869 | D:2      | Noticed Terence
  1870 | D:2      | Killed Terence
  2654 | D:3      | Reached XP level 5. HP: 41/43 MP: 5/5
  2706 | D:3      | Reached *** piety under Trog
  3434 | D:4      | Found Janur's Antique Armour Shoppe.
  3487 | D:4      | Reached XP level 6. HP: 49/51 MP: 6/6
  3889 | D:5      | Entered Level 5 of the Dungeon
  3889 | D:5      | Noticed a water moccasin
  4031 | D:5      | Killed a water moccasin
  4032 | D:5      | Reached skill level 5 in Axes
  4190 | D:5      | Gained mutation: You curl defensively after being hit.
                  | [Palentonga growth]
  4190 | D:5      | Reached XP level 7. HP: 58/58 MP: 7/7
  4515 | D:5      | Noticed a yak
  4515 | D:5      | Noticed a yak
  4515 | D:5      | Noticed a yak
  4515 | D:5      | Noticed a yak
  4544 | D:5      | Noticed a yak
  4544 | D:5      | Noticed a yak
  4557 | D:4      | Killed a yak
  4557 | D:4      | HP: 4/87 [yak (2)]
  4558 | D:4      | Reached skill level 1 in Evocations
  4558 | D:4      | HP: 1/87 [yak (3)]
  4559 | D:4      | Killed a yak
  4560 | D:4      | Reached skill level 6 in Axes
  4861 | D:4      | Killed a yak
  4862 | D:4      | Reached XP level 8. HP: 48/65 MP: 8/8
  4868 | D:4      | Reached skill level 5 in Fighting
  5192 | D:5      | Reached skill level 5 in Armour
  5360 | D:5      | Reached skill level 7 in Axes
  5780 | D:6      | Found Roitilou's Assorted Antiques.
  5787 | D:6      | Reached XP level 9. HP: 72/72 MP: 9/9
  5810 | D:6      | Bought a scroll labelled EZYWUIZEHO for 22 gold pieces
  5810 | D:6      | Bought a scroll labelled OMOMUGACIGO for 22 gold pieces
  5810 | D:6      | Bought a scroll labelled TIXOWI NEYMI for 22 gold pieces
  5810 | D:6      | Bought a scroll labelled WUFOKHL MURCHORE for 22 gold
                  | pieces
  5810 | D:6      | Bought a runed hand crossbow for 143 gold pieces
  6607 | D:6      | Reached **** piety under Trog
  6831 | D:7      | Found Emuynnop's Book Boutique.
  7035 | D:7      | Noticed a cyan ugly thing
  7168 | D:7      | Found a staircase to the Ecumenical Temple.
  7333 | D:7      | Reached skill level 8 in Axes
  7530 | D:7      | Killed a cyan ugly thing
  7824 | D:8      | Noticed Psyche
  7835 | D:8      | Killed Psyche
  8422 | D:9      | Reached XP level 10. HP: 82/82 MP: 10/10
  9009 | D:9      | Reached skill level 5 in Dodging
  9080 | D:9      | Noticed Joseph
  9277 | D:8      | Killed Joseph
  9278 | D:8      | Reached skill level 9 in Axes
  9669 | D:9      | Noticed a sun demon
  9676 | D:9      | Noticed a soul eater
  9883 | D:9      | Noticed a rust devil
 10339 | D:9      | Found an iron altar of Okawaru.
 10375 | D:10     | Entered Level 10 of the Dungeon
 10520 | D:10     | Noticed makewrite's ghost (novice MiHu)
 10520 | D:10     | Identified the +4 trident "Killer Klown's Foe" {flame,
                  | rElec rN+ Stlth-}
 10520 | D:10     | Found a runed translucent door.
 10880 | D:10     | Found a staircase to the Lair.
 10953 | D:10     | Noticed a manticore
 10974 | D:10     | Killed a manticore
 11149 | D:10     | Reached skill level 5 in Evocations
 11156 | D:10     | Reached XP level 11. HP: 89/89 MP: 11/11
 11579 | D:10     | Reached skill level 10 in Axes
 11751 | D:10     | Noticed a tengu warrior
 11751 | D:10     | Noticed a skeletal warrior
 11775 | D:10     | Killed a tengu warrior
 11775 | D:10     | Reached ***** piety under Trog
 11782 | D:10     | Killed a skeletal warrior
 11842 | D:10     | Noticed a five-headed hydra
 11940 | D:11     | Identified 2 scrolls of acquirement
 11940 | D:11     | Acquired a +0 barding of fire resistance
 11946 | D:11     | Acquired a manual of Armour
 12063 | D:11     | Found a gate leading to a gauntlet.
 12068 | Gauntlet | Entered a Gauntlet
 12068 | Gauntlet | Found a transporter.
 12070 | Gauntlet | Found a runed translucent gate.
 12071 | Gauntlet | Found a transporter.
 12071 | Gauntlet | Found a runed translucent gate.
 12071 | Gauntlet | Noticed a wretched star
 12072 | Gauntlet | Found a transporter.
 12072 | Gauntlet | Found a runed translucent gate.
 12076 | Gauntlet | Found a transporter.
 12079 | Gauntlet | Found a transporter.
 12079 | Gauntlet | Found a transporter.
 12088 | Gauntlet | Noticed a fire crab
 12093 | Gauntlet | Found a transporter.
 12095 | Gauntlet | Noticed a dire elephant
 12100 | Gauntlet | Found a transporter.
 12177 | Gauntlet | Noticed a thrashing horror
 12181 | Gauntlet | Found a transporter.
 12182 | Gauntlet | Noticed a thrashing horror
 12183 | Gauntlet | Found a transporter.
 12187 | Gauntlet | Found a transporter.
 12191 | Gauntlet | Noticed a green death
 12196 | Gauntlet | Found a transporter.
 12287 | Gauntlet | Killed a green death
 12292 | Gauntlet | Identified the +8 morningstar of Disgust {vorpal, rF+ rC-
                  | rN+ Dex+5}
 12348 | Gauntlet | Killed a thrashing horror
 12350 | Gauntlet | Killed a thrashing horror
 12358 | Gauntlet | Identified the +2 helmet "Racuutwe" {Will+ Regen+ Dex-5}
 12645 | Gauntlet | Noticed a minotaur
 12665 | Gauntlet | Killed a minotaur
 12728 | D:10     | Killed a five-headed hydra
 12890 | D:10     | Reached skill level 11 in Axes
 12933 | D:10     | Noticed a centaur warrior
 12934 | D:10     | Noticed a deep elf pyromancer
 12943 | D:10     | Killed a centaur warrior
 12961 | D:10     | Killed a deep elf pyromancer
 12962 | D:10     | Reached XP level 12. HP: 90/99 MP: 12/12
 13164 | D:10     | Reached skill level 10 in Armour
 13744 | D:11     | Noticed a two-headed ogre
 13751 | D:11     | Killed a two-headed ogre
 14506 | D:12     | Reached skill level 12 in Axes
 14699 | D:12     | Found a staircase to the Orcish Mines.
 14881 | D:12     | Noticed a death knight
 14991 | Lair:1   | Entered Level 1 of the Lair of Beasts
 15932 | Lair:2   | Noticed a five-headed hydra
 15941 | Lair:2   | Killed a five-headed hydra
 15945 | Lair:2   | Reached XP level 13. HP: 108/108 MP: 13/13
 16309 | Lair:2   | Reached skill level 13 in Axes
 16961 | Lair:3   | Identified the +2 pair of gloves of the Tuna {rF+ rC+}
 16994 | Lair:3   | Identified the +7 lajatang of Stickiness {antimagic,
                  | Fragile +Blink rC+ rCorr} (Trog gifted it to you on level 3
                  | of the Lair of Beasts)
 16994 | Lair:3   | Received a gift from Trog
 17393 | Lair:3   | Reached skill level 10 in Fighting
 17600 | Lair:3   | Found a hole to the Spider Nest.
 18295 | Lair:4   | Noticed Rupert
 18301 | Lair:4   | Killed Rupert
 18888 | Lair:4   | Found a staircase to the Swamp.
 19322 | Lair:5   | Found a viscous altar of Jiyva.
 19337 | Lair:5   | Found a staircase to the Slime Pits.
 19783 | Lair:6   | Entered Level 6 of the Lair of Beasts
 20001 | Lair:6   | Reached XP level 14. HP: 107/118 MP: 10/14
 20009 | Lair:6   | Identified the +5 scale mail of the Slightly Bent {rElec
                  | rF+ Regen+ Str-3}
 20109 | Lair:6   | Identified the ring "Doazen" {rCorr Int+6}
 20317 | Lair:6   | Reached skill level 14 in Axes
 20445 | Lair:6   | Found a runed translucent door.
 22082 | Orc:1    | Entered Level 1 of the Orcish Mines
 22087 | Orc:1    | Found a dark tunnel.
 22099 | Volcano  | Entered a volcano
 22302 | Volcano  | Found a burning altar of Makhleb.
 22325 | Volcano  | Found a bloodstained altar of Trog.
 22519 | Orc:1    | Received a gift from Trog
 22955 | Orc:2    | Entered Level 2 of the Orcish Mines
 23016 | Orc:2    | Found a frozen archway.
 23023 | Orc:2    | Found a staircase to the Elven Halls.
 23051 | IceCv    | Entered an ice cave
 23105 | IceCv    | Received a gift from Trog
 23391 | IceCv    | Identified the ring "Kaczamel" {rC++ Will- SInv}
 23539 | Orc:2    | Found a transporter.
 23542 | Orc:2    | Noticed Sopaderocas's ghost (journeyman KoEn)
 23662 | Orc:2    | Reached skill level 15 in Axes
 23679 | Orc:2    | Paralysed by an orc sorcerer for 3 turns
 23818 | Orc:2    | Reached XP level 15. HP: 123/124 MP: 15/15
 23834 | Orc:2    | Found Kekleqi's Distillery.
 23834 | Orc:2    | Found Heoq's Antique Weapon Boutique.
 23835 | Orc:2    | Found Jufeda Xiyrgh's Assorted Antiques.
 23838 | Orc:2    | Found Etimiz Qeem's Jewellery Shop.
 23841 | Orc:2    | Bought a potion of heal wounds for 90 gold pieces
 23873 | Orc:2    | Bought a crystal battleaxe for 333 gold pieces
 23873 | Orc:2    | Identified the +9 battleaxe of Cub Cys {vamp, rC++ Dex+4
                  | Stlth+} (You bought it in a shop on level 2 of the Orcish
                  | Mines)
 23882 | Orc:2    | Bought the amulet of Owuacic {Reflect Will+ Int-4 Dex+4
                  | SH+5} for 426 gold pieces
 23895 | Orc:2    | Bought a twisted silver wand for 116 gold pieces
 23895 | Orc:2    | Bought an encrusted gold wand for 116 gold pieces
 23938 | Orc:2    | Bought 2 potions of might for 144 gold pieces
 24001 | Orc:2    | Found a transporter.
 24003 | Orc:2    | Identified the +3 tower shield "Kuorphaa" {rElec rN+ Int+2}
 24380 | D:13     | Reached ****** piety under Trog
 24479 | D:13     | Found an opulent altar of Gozag.
 24561 | D:13     | Acquired a manual of Polearms
 24642 | D:13     | Received a gift from Trog
 24798 | D:13     | Noticed Sonja
 24805 | D:13     | Killed Sonja
 24821 | D:13     | Found a flagged portal.
 24831 | Bailey   | Entered a bailey
 24971 | Bailey   | Acquired a manual of Evocations
 25590 | D:14     | Reached skill level 10 in Evocations
 26053 | D:14     | Found the +2 ratskin cloak {*Rats rPois rN+ Str-1 Int-1
                  | Dex+1}
 26057 | D:14     | Identified the +5 battleaxe "Ivasuw" {flame, Fragile rElec
                  | rF+++ Dex-2} (Trog gifted it to you on level 14 of the
                  | Dungeon)
 26057 | D:14     | Received a gift from Trog
 26143 | D:14     | Found a gate to the Vaults.
 26666 | D:15     | Entered Level 15 of the Dungeon
 26792 | D:15     | Reached skill level 10 in Dodging
 26863 | D:15     | Found a snail-covered altar of Cheibriados.
 26978 | D:15     | Found a staircase to the Depths.
 26978 | D:15     | Noticed a frost giant
 26984 | D:15     | Killed a frost giant
 26985 | D:15     | Reached skill level 16 in Axes
 27163 | D:15     | Noticed Josephine
 27172 | D:15     | Killed Josephine
 27477 | D:15     | Reached XP level 16. HP: 122/135 MP: 16/16
 27535 | Depths:1 | Entered Level 1 of the Depths
 27637 | Elf:1    | Entered Level 1 of the Elven Halls
 27680 | Orc:2    | Received a gift from Trog
 27997 | Elf:1    | Found Diomicw's Antique Weapon Shoppe.
 28006 | Elf:1    | Bought a glowing battleaxe for 218 gold pieces
 28354 | Elf:1    | Reached skill level 1 in Crossbows
 28798 | Elf:2    | Found a runed translucent gate.
 28798 | Elf:2    | Found a runed translucent gate.
 28798 | Elf:2    | Found a runed translucent gate.
 29002 | Elf:2    | Received a gift from Trog
 29124 | Elf:1    | Found a shimmering blue altar of Sif Muna.
 29437 | Elf:2    | Reached skill level 17 in Axes
 29819 | Elf:3    | Entered Level 3 of the Elven Halls
 29836 | Elf:3    | Identified the +1 chain mail of Yvoshrin {Will+}
 30000 | Elf:3    | Received a gift from Trog
 30019 | Elf:3    | Noticed Asterion
 30024 | Elf:3    | Killed Asterion
 30025 | Elf:3    | Reached XP level 17. HP: 145/145 MP: 17/17
 30276 | Elf:3    | Noticed a deep elf blademaster
 30334 | Elf:2    | Killed a deep elf blademaster
 30410 | Elf:3    | Identified the +8 chain mail "Rinijymy" {Will+ rCorr
                  | Stlth+}
 30680 | Elf:3    | Identified the +0 scale mail "Pekivaf" {rPois Str+2 Dex-3}
 30680 | Elf:3    | Noticed a deep elf master archer
 30721 | Elf:3    | Killed a deep elf master archer
 30740 | Elf:3    | Identified the +2 steam dragon scales of Gehenna {rElec
                  | Str+2}
 30752 | Elf:3    | Identified the +0 plate armour of Pragmatism {Will+ Dex+4}
 30797 | Elf:3    | Identified the +8 morningstar "Atikhloet" {flame, rElec
                  | rN++ Dex+4 Stlth-}
 30810 | Elf:3    | Noticed a Brimstone Fiend
 30913 | Elf:3    | Noticed a deep elf master archer
 30926 | Elf:3    | Killed a deep elf master archer
 31008 | Elf:3    | Identified the +5 flail "Gram" {flame, Str+8 Dex+2}
 31084 | Elf:3    | Identified the +11 hand crossbow of Keer Qur {venom, rC+}
 31567 | Spider:1 | Entered Level 1 of the Spider Nest
 31615 | Spider:1 | Received a gift from Trog
 31696 | Spider:1 | Reached skill level 18 in Axes
 32147 | Spider:1 | Reached skill level 5 in Crossbows
 32726 | Spider:2 | Received a gift from Trog
 32801 | Spider:2 | Reached XP level 18. HP: 155/155 MP: 18/18
 33377 | Spider:3 | Received a gift from Trog
 33559 | Spider:3 | Paralysed by a hornet for 2 turns
 33852 | Spider:4 | Entered Level 4 of the Spider Nest
 34211 | Spider:4 | Identified the +2 leather armour of Squeaky Freedom {rC-
                  | Int-2 Dex+7 SInv}
 34486 | Spider:4 | Noticed Arachne
 34503 | Spider:4 | Received a gift from Trog
 34519 | Spider:4 | Killed Arachne
 34842 | Spider:4 | Got a gossamer rune of Zot
 35201 | Swamp:1  | Entered Level 1 of the Swamp
 35224 | Swamp:1  | Reached skill level 19 in Axes
 36056 | Swamp:2  | Demolished by a spriggan berserker

Illustrated notes

Levels and vault maps discovered:
D:1:      dpeg_arrival_round_a, layout_basic
D:2:      layout_loops_ring, shapermc_ecumenical_altar_mp_urbaneastern,
          uniq_jessica, uniq_terence
D:3:      layout_basic
D:4:      layout_rooms, serial_shops, nicolae_take_the_stairs
D:5:      layout_layer_cave, chequers_decorated_corner
D:6:      layout_basic, serial_shops, nicolae_shop_waterfront,
          lightli_orcish_oven
D:7:      layout_gridville, minmay_temple_entry_glass, nicolae_stop_n_shop_1
D:8:      layout_rooms, minmay_misc_feat_nine_boxes, uniq_psyche
D:9:      layout_basic, mainiacjoe_overflow_chevrons, uniq_joseph
D:10:     minmay_the_grid_3x2 [minmay_the_grid_garden, minmay_the_grid_empty,
          minmay_the_grid_holed_spiral, minmay_the_grid_outer_diamond,
          minmay_the_grid_slots, minmay_the_grid_prize_four_corners],
          layout_cave_pools, ebering_ghost_funeral_grove, minmay_starry_boxes
D:11:     layout_roguey, gauntlet_entry_generic, minivault_21, minivault_24
D:12:     layout_roguey, minmay_orc_entry_temple_small, special_room
          [special_room_orc]
D:13:     wad_river_or_something, layout_basic, enter_bailey_3,
          serial_park_tiny_pond, hangedman_weighted_door,
          nicolae_gozag_seed_capital, uniq_sonja
D:14:     layout_basic, grunt_vaults_entry_tiered,
          chequers_serial_rivers_small_b, st_stairs_14
D:15:     grunt_enter_depths_snipers, layout_gridville,
          chequers_serial_rivers_micro_e, kennysheep_slug_shrine, uniq_josephine
Lair:1:   layout_concentric_octagons, lemuel_fruit_tree,
          infiniplex_staircase_pool_2, grunt_megastairs_5
Lair:2:   layout_roguey
Lair:3:   layout_cave_pods, spider_nest_entry_funnel_web, serial_rivers,
          chequers_serial_rivers_micro_e, chequers_serial_rivers_micro_a,
          chequers_serial_rivers_micro_e, chequers_serial_rivers_large_a
Lair:4:   layout_small_grid, nicolae_swamp_entry_splash_gauntlet, uniq_rupert
Lair:5:   layout_regular_city, slime_altar_1
Lair:6:   wormcave, layout_loops_ring, guppyfry_lair_end_dragon, serial_rivers,
          chequers_serial_rivers_large_b, chequers_serial_rivers_room_b,
          chequers_serial_rivers_micro_b, chequers_serial_rivers_marsh,
          chequers_serial_rivers_marsh, serial_bayou_lagoon_a,
          kilobyte_rumbling_trees
Swamp:1:  layout_falls_marsh, hangedman_swamp_blocks, infiniplex_staircase_pool
Swamp:2:  layout_basic_swamp, evilmike_swamp_ruin_house_3, swamp_pool1
Spider:1: spiders_nest_scorpion_pit
Spider:2: layout_spider_delve, nicolae_spider_circle_web
Spider:3: layout_spider_delve, spiders_nest_hornet_nest
Spider:4: johnstein_spider_rune_arachne_lair
Orc:1:    layout_caves, enter_volcano_1, mines_bat_river
Orc:2:    st_orc_mages, layout_diamond_mine, portal_ice_cave_entry_pillars_1,
          gammafunk_ghost_arena, basic_altar
Elf:1:    elf_arrival_002, layout_geoelf_diagonals, serial_shops, shop,
          minmay_elf_sorcery, lemuel_upstairs_altar
Elf:2:    nicolae_elf_blades_splatter_lattice
          [nicolae_blade_entry_hurt_lockers], layout_onion_city, minivault_23
Elf:3:    grunt_elf_hall_branching, layout_onion_city, drop_trap, uniq_asterion
Depths:1: vault_1, layout_cave_pools, pf_vacation_house_of_asmodeus,
          nicolae_vehumet_altar_sigil, nrook_kobold_shadow_demons

Skill      XL: |  1  2  3  4  5  6  7  8  9 10 11 12 13 14 15 16 17 18 |
---------------+-------------------------------------------------------+-----
Armour         | 2 3 4 5 6 7 9 10 11 12 13 | 13.9
Dodging        | 2 3 4 5 6 7 8 9 10 11 12 | 12.1
Axes           | 4 5 6 7 8 9 11 12 13 15 16 17 18 19 | 19.1
Fighting       | 4 5 6 7 8 9 10 11 12 13 14 | 14.5
Evocations     | 1 2 3 5 6 7 8 9 11 12 13 14 | 14.6
Crossbows      | 3 5 6 |  6.8

Action                   |  1- 3 |  4- 6 |  7- 9 | 10-12 | 13-15 | 16-18 || total
-------------------------+-------+-------+-------+-------+-------+-------++-------
Melee: Hand axe          |    86 |   183 |   295 |   841 |   685 |       ||  2090
       Tailslap          |     5 |    24 |    38 |   149 |   251 |   196 ||   663
       Morningstar       |       |       |       |    10 |    75 |       ||    85
       Battleaxe         |       |       |       |       |   926 |  1369 ||  2295
Throw: Javelin           |       |     3 |     2 |     9 |       |       ||    14
       Dart              |       |       |    14 |     1 |       |     2 ||    17
       Boomerang         |       |       |       |       |     3 |       ||     3
Invok: Berserk           |     3 |     6 |    11 |    28 |    17 |     8 ||    73
       Trog's Hand       |       |       |     2 |     7 |     4 |     1 ||    14
       Brothers in Arms  |       |       |       |     3 |    10 |    12 ||    25
 Abil: Rolling Charge    |     8 |    28 |    16 |    50 |   109 |   130 ||   341
Evoke: Wand              |       |       |     2 |    13 |    21 |     7 ||    43
  Use: Scroll            |       |       |     7 |    19 |    14 |     8 ||    48
       Potion            |       |       |       |       |     1 |     2 ||     3
 Stab: Petrified         |       |       |       |     1 |       |       ||     1
       Distracted        |       |       |       |       |       |     6 ||     6
Armor: Animal skin       |    17 |       |       |       |       |       ||    17
       Leather armour    |    24 |     7 |       |       |       |       ||    31
       Scale mail        |       |    86 |   179 |   586 |  1234 |  1133 ||  3218
       Ice dragon scales |       |       |       |       |    52 |       ||    52
Dodge: Dodged            |    46 |    61 |   118 |   258 |   624 |   893 ||  2000
Block: Other             |       |       |       |       |    77 |   151 ||   228
       Reflection        |       |       |       |       |     9 |     3 ||    12
